Inferno vs Sewer Rats
(R1)
Created - 2 janvier 2013 at 19:01
Goals
|
| Inferno |
2 |
3 |
2 |
7 |
| Sewer Rats |
2 |
3 |
0 |
5 |
|
Shots
|
| Inferno |
12 |
10 |
12 |
34 |
| Sewer Rats |
14 |
14 |
9 |
37 |
|
1st period
1. Inferno , Mikhail Grabovski 8 (Branko Radivojevic) at 0:35 (PP)
2. Sewer Rats , Ville Leino 5 (Maxim Talbot, Mark Mancari) at 17:04 (PP)
3. Sewer Rats , Ryan Callahan 8 (Matt Lashoff, Bryan Little) at 17:51
4. Inferno , Jonathan Ferland 10 (Matt Carkner, Matt Smaby) at 18:16
Penalties :
Ville Leino (Tol) for Hooking (Minor) at 0:25, Kyle Quincey (Tol) for High sticking (Minor) at 0:45, Brad Marchand (Anc) for High sticking (Minor) at 15:53, Mikhail Grabovski (Anc) for Cross-checking (Minor) at 17:56, Max Pacioretty (Tol) for Hooking (Minor) at 18:06
2nd period
5. Inferno , Petri Kontiola 2 (Jay Pandolfo, Andrej Sekera) at 5:22
6. Inferno , Mikhail Grabovski 9 (Branko Radivojevic) at 5:42 (PP)
7. Inferno , Branko Radivojevic 17 (Matt Carkner, Jay Pandolfo) at 5:56
8. Sewer Rats , Ville Leino 6 (Raphael Diaz, Mark Mancari) at 9:18 (PP)
9. Sewer Rats , Ville Leino 7 (Bryan Little) at 18:47 (SH)
10. Sewer Rats , Max Pacioretty 2 (Ryan Callahan, Bryan Little) at 19:52
Penalties :
Mark Mancari (Tol) for Hooking (Minor) at 2:51, Bryan Little (Tol) for Hooking (Minor) at 5:25, Brendan Smith (Anc) for Hooking (Minor) at 8:27, Max Pacioretty (Tol) for Hooking (Minor) at 17:31
3rd period
11. Inferno , Andrej Sekera 2 (Matt Smaby, Petri Kontiola) at 0:48 (PP)
12. Inferno , Brad Marchand 9 (Jonathan Ferland, Brian Boyle) at 3:04
Penalties :
Bryan Little (Tol) for Goalie Interference (Minor) at 0:14, Derek Dorsett (Tol) for Cross-checking (Minor) at 10:25, Bryan Little (Tol) for Interference (Minor) at 13:16, Matt Carkner (Anc) for Hooking (Minor) at 17:34
Goalie Stats
Josh Harding (Anc), 32 saves from 37 shots - (0,865), W, 5-7-3, 60:00 minutes
Cédric Desjardins (Tol), 13 saves from 17 shots - (0,765), 25:42 minutes
Jonas Gustavsson (Tol), 14 saves from 17 shots - (0,824), L, 3-4-1, 34:18 minutes
Players Stats for Inferno
Player Name G A P +/- PIM S H SB GA TA FO MP PP MP PK MP
------------------------------------------------------------------------------------
Andrej Sekera 1 1 2 -1 0 5 1 2 0 1 0/0 21:19 3:45 1:44
Brad Marchand 1 0 1 0 2 4 1 2 0 0 0/0 18:21 6:14 0:05
Branko Radivojevic 1 2 3 1 0 4 1 1 0 0 1/1 21:43 6:34 0:00
Brendan Mikkelson 0 0 0 0 0 0 0 0 0 1 0/0 12:16 0:00 0:00
Brendan Smith 0 0 0 0 2 0 0 1 0 2 0/0 13:22 0:00 0:53
Brett Carson 0 0 0 -1 0 0 1 0 0 1 0/0 18:43 3:45 1:11
Brian Boyle 0 1 1 1 0 1 1 0 1 0 10/14 14:58 0:04 2:57
Jay Pandolfo 0 2 2 2 0 5 3 0 1 0 0/0 21:36 4:23 3:00
Jonathan Ferland 1 1 2 3 0 3 3 0 0 0 2/3 17:43 3:57 0:56
Jozef Balej 0 0 0 -2 0 1 1 0 0 0 0/0 10:32 0:27 0:00
Matt Carkner 0 2 2 2 2 2 2 0 1 0 0/0 25:31 7:21 1:34
Matt Smaby 0 2 2 2 0 1 3 0 1 1 0/0 29:01 7:21 3:00
Mikhail Grabovski 2 0 2 0 2 6 2 0 0 0 17/36 20:30 6:38 0:00
Petri Kontiola 1 1 2 -1 0 1 0 0 0 0 7/10 14:01 4:23 0:00
Pierre-Luc Létourneau 0 0 0 0 0 0 0 0 0 0 0/0 7:18 0:00 0:00
Stephane Veilleux 0 0 0 -2 0 0 1 0 1 0 0/1 11:30 0:38 0:28
Vladimir Sobotka 0 0 0 0 0 0 0 0 0 0 1/2 8:14 0:00 0:56
Vladimir Zharkov 0 0 0 0 0 1 0 0 0 0 0/0 7:18 0:00 0:00
Players Stats for Sewer Rats
Player Name G A P +/- PIM S H SB GA TA FO MP PP MP PK MP
------------------------------------------------------------------------------------
Bryan Little 0 3 3 2 6 1 1 0 1 0 12/24 18:55 2:04 0:46
Chris Clark 0 0 0 0 0 3 1 2 0 0 0/1 11:15 0:00 3:08
Derek Dorsett 0 0 0 0 2 0 1 0 0 1 0/0 6:47 0:00 0:00
John-Michael Liles 0 0 0 0 0 2 0 2 1 0 0/0 19:15 1:43 4:04
Jonathan Paiement 0 0 0 0 0 0 0 0 0 0 0/0 3:48 0:00 0:00
Karel Rachunek 0 0 0 0 0 2 1 2 0 1 0/0 24:52 2:28 6:58
Kyle Quincey 0 0 0 0 2 0 0 0 0 0 0/0 14:28 1:43 0:04
Lars Eller 0 0 0 0 0 0 0 0 0 0 0/1 6:40 0:00 0:00
Marc-André Cliche 0 0 0 0 0 0 1 0 0 0 1/1 7:36 0:00 0:28
Mark Mancari 0 2 2 -2 2 2 1 0 0 0 0/0 14:15 2:07 0:00
Matt Lashoff 0 1 1 0 0 2 1 0 0 0 0/0 17:11 0:00 4:08
Max Pacioretty 1 0 1 1 4 1 4 0 0 1 0/1 18:17 2:03 0:38
Maxim Talbot 0 1 1 -3 0 3 4 1 1 0 12/29 21:50 2:07 6:27
Mike Rathje 0 0 0 -1 0 4 2 1 0 0 0/0 21:20 0:00 6:58
Niko Dimitrakos 0 0 0 0 0 1 1 0 0 0 2/2 8:10 0:00 6:40
Raphael Diaz 0 1 1 -1 0 0 1 0 0 1 0/0 15:20 2:28 0:00
Ryan Callahan 1 1 2 0 0 8 1 0 2 1 0/1 18:31 2:04 0:02
Shawn Matthias 0 0 0 0 0 0 0 0 1 0 2/5 8:04 0:00 0:00
Steven Kampfer 0 0 0 0 0 0 0 1 0 0 0/0 3:48 0:00 0:00
Ville Leino 3 0 3 0 2 5 2 1 0 0 0/2 13:42 2:07 0:14
Vojtech Polak 0 0 0 -1 0 3 2 0 0 0 0/0 12:52 0:00 3:49
3 Stars
1 - Ville Leino (Tol)
2 - Jonathan Ferland (Anc)
3 - Branko Radivojevic (Anc)
Power Play
Inferno - 3 on 9 Attempt(s) - 33,33%
Sewer Rats - 2 on 4 Attempt(s) - 50,00%
Penalty Kill
Inferno - 2 on 4 Attempt(s) - 50,00%
- Score 0 goal in Penalty Kill
Sewer Rats - 6 on 9 Attempt(s) - 66,67%
- Score 1 goal in Penalty Kill
Official
Referees : Walkom Stephen and Auger Stephane
Linesman : Derek Nansen and Steve Barton
Game Notes
Jonas Gustavsson enters game at 5:42 of 2nd period
Ville Leino has scored a Hat Trick!
Inferno
5 vs 5 Forward
Center Left Wing Right Wing Time % Phy DF OF
1 Mikhail Grabovski Jay Pandolfo Branko Radivojevic 40 1 2 2
2 Brian Boyle Brad Marchand Jonathan Ferland 30 1 2 2
3 Petri Kontiola Stephane Veilleux Jozef Balej 20 1 2 2
4 Vladimir Sobotka Pierre-Luc Létourneau Vladimir Zharkov 10 2 2 1
5 vs 5 Defense
Defense Defense Time % Phy DF OF
1 Matt Carkner Matt Smaby 40 1 3 1
2 Andrej Sekera Brett Carson 30 1 3 1
3 Brendan Mikkelson Brendan Smith 20 1 3 1
4 Andrej Sekera Matt Smaby 10 1 3 1
PowerPlay Forward
Center Left Wing Right Wing Time % Phy DF OF
1 Mikhail Grabovski Brad Marchand Branko Radivojevic 60 1 1 3
2 Petri Kontiola Jay Pandolfo Jonathan Ferland 40 1 1 3
PowerPlay Defense
Defense Defense Time % Phy DF OF
1 Matt Carkner Matt Smaby 60 1 2 2
2 Andrej Sekera Brett Carson 40 1 2 2
Penalty Kill 4 Players Forward
Center Wing Time % Phy DF OF
1 Brian Boyle Jay Pandolfo 60 1 3 1
2 Vladimir Sobotka Jonathan Ferland 40 2 3 0
Penalty Kill 4 Players Defense
Defense Defense Time % Phy DF OF
1 Matt Carkner Matt Smaby 60 1 3 1
2 Andrej Sekera Brett Carson 40 1 3 1
Penalty Kill - 3 Players Forward
Forward Time % Phy DF OF
1 Brian Boyle 60 1 3 1
2 Vladimir Sobotka 40 1 3 1
Penalty Kill - 3 Players Defense
Defense Defense Time % Phy DF OF
1 Matt Carkner Matt Smaby 60 1 3 1
2 Andrej Sekera Brett Carson 40 1 3 1
4 vs 4 Forward
Center Wing Time % Phy DF OF
1 Mikhail Grabovski Branko Radivojevic 60 1 2 2
2 Brian Boyle Stephane Veilleux 40 1 2 2
4 vs 4 Defense
Defense Defense Time % Phy DF OF
1 Matt Carkner Matt Smaby 60 1 2 2
2 Andrej Sekera Brett Carson 40 1 2 2
Last Minutes Offensive
Center Left Wing Right Wing Defense Defense
Mikhail Grabovski Brad Marchand Branko Radivojevic Matt Carkner Matt Smaby
Last Minutes Defensive
Center Left Wing Right Wing Defense Defense
Mikhail Grabovski Stephane Veilleux Branko Radivojevic Matt Carkner Matt Smaby
Goaltenders
Starting : Josh Harding
Backup : Jonathan Boutin
Extra Forwards
Normal : Jonathan Ferland, Stephane Veilleux, Jozef Balej - PP : Stephane Veilleux, Jozef Balej - PK : Stephane Veilleux
Extra Defensemen
Normal : Andrej Sekera, Matt Carkner, Brett Carson - PP : Brendan Smith - PK : Andrej Sekera, Brett Carson
Penalty Shots
Mikhail Grabovski, Branko Radivojevic, Brad Marchand, Jay Pandolfo, Jonathan Ferland
Sewer Rats
5 vs 5 Forward
Center Left Wing Right Wing Time % Phy DF OF
1 Bryan Little Max Pacioretty Ryan Callahan 40 1 2 2
2 Maxim Talbot Ville Leino Mark Mancari 30 1 2 2
3 Shawn Matthias Vojtech Polak Chris Clark 20 1 2 2
4 Marc-André Cliche Lars Eller Derek Dorsett 10 1 2 2
5 vs 5 Defense
Defense Defense Time % Phy DF OF
1 Karel Rachunek John-Michael Liles 33 1 2 2
2 Matt Lashoff Kyle Quincey 29 1 2 2
3 Raphael Diaz Mike Rathje 28 1 2 2
4 Jonathan Paiement Steven Kampfer 10 1 2 2
PowerPlay Forward
Center Left Wing Right Wing Time % Phy DF OF
1 Bryan Little Max Pacioretty Ryan Callahan 60 1 2 2
2 Maxim Talbot Ville Leino Mark Mancari 40 1 2 2
PowerPlay Defense
Defense Defense Time % Phy DF OF
1 Karel Rachunek Raphael Diaz 60 1 2 2
2 John-Michael Liles Kyle Quincey 40 1 2 2
Penalty Kill 4 Players Forward
Center Wing Time % Phy DF OF
1 Maxim Talbot Niko Dimitrakos 60 1 2 2
2 Vojtech Polak Chris Clark 40 1 2 2
Penalty Kill 4 Players Defense
Defense Defense Time % Phy DF OF
1 Mike Rathje Karel Rachunek 60 1 2 2
2 Matt Lashoff John-Michael Liles 40 1 2 2
Penalty Kill - 3 Players Forward
Forward Time % Phy DF OF
1 Maxim Talbot 60 1 2 2
2 Ryan Callahan 40 1 2 2
Penalty Kill - 3 Players Defense
Defense Defense Time % Phy DF OF
1 Karel Rachunek John-Michael Liles 60 1 2 2
2 Matt Lashoff Kyle Quincey 40 1 2 2
4 vs 4 Forward
Center Wing Time % Phy DF OF
1 Maxim Talbot Ryan Callahan 60 1 2 2
2 Bryan Little Niko Dimitrakos 40 1 2 2
4 vs 4 Defense
Defense Defense Time % Phy DF OF
1 Karel Rachunek John-Michael Liles 60 1 2 2
2 Matt Lashoff Kyle Quincey 40 1 2 2
Last Minutes Offensive
Center Left Wing Right Wing Defense Defense
Bryan Little Max Pacioretty Ryan Callahan Karel Rachunek John-Michael Liles
Last Minutes Defensive
Center Left Wing Right Wing Defense Defense
Maxim Talbot Ville Leino Niko Dimitrakos Mike Rathje Matt Lashoff
Goaltenders
Starting : Cédric Desjardins
Backup : Jonas Gustavsson
Extra Forwards
Normal : Niko Dimitrakos, Mark Mancari, Vojtech Polak - PP : Niko Dimitrakos, Mark Mancari - PK : Vojtech Polak
Extra Defensemen
Normal : Raphael Diaz, Jonathan Paiement, Karel Rachunek - PP : Mike Rathje - PK : Raphael Diaz, Mike Rathje
Penalty Shots
Maxim Talbot, Ryan Callahan, Bryan Little, Chris Clark, Niko Dimitrakos
% Time on Ice - Inferno
Lines # - Real PCT - Wanted PCT - Time Play
Normal Forward
1 - 33% - 40% - 14:07
2 - 28% - 30% - 12:12
3 - 22% - 20% - 9:17
4 - 17% - 10% - 7:18
Normal Defense
1 - 36% - 40% - 15:27
2 - 31% - 30% - 13:08
3 - 29% - 20% - 12:16
4 - 5% - 10% - 2:03
PP Forward
1 - 60% - 60% - 6:38
2 - 40% - 40% - 4:28
PP Defense
1 - 66% - 60% - 7:21
2 - 34% - 40% - 3:45
PK Forward
1 - 78% - 60% - 3:15
2 - 22% - 40% - 0:56
PK Defense
1 - 85% - 60% - 3:33
2 - 15% - 40% - 0:38
PK3 Forward
1 - 0% - 60%
2 - 0% - 40%
PK3 Defense
1 - 0% - 60%
2 - 0% - 40%
44 Forward
1 - 100% - 60% - 1:49
2 - 0% - 40% - 0:00
44 Defense
1 - 64% - 60% - 1:10
2 - 36% - 40% - 0:39
Last Minute Offensive - 0:00
Last Minute Defensive - 0:00
Total
Forward - 60:00
Defense - 60:00
|
% Time on Ice - Sewer Rats
Lines # - Real PCT - Wanted PCT - Time Play
Normal Forward
1 - 39% - 40% - 16:45
2 - 27% - 30% - 11:25
3 - 19% - 20% - 8:04
4 - 16% - 10% - 6:40
Normal Defense
1 - 33% - 33% - 14:11
2 - 29% - 29% - 12:29
3 - 29% - 28% - 12:26
4 - 9% - 10% - 3:48
PP Forward
1 - 49% - 60% - 2:04
2 - 51% - 40% - 2:07
PP Defense
1 - 59% - 60% - 2:28
2 - 41% - 40% - 1:43
PK Forward
1 - 72% - 60% - 7:58
2 - 28% - 40% - 3:08
PK Defense
1 - 63% - 60% - 6:58
2 - 37% - 40% - 4:08
PK3 Forward
1 - 0% - 60%
2 - 0% - 40%
PK3 Defense
1 - 0% - 60%
2 - 0% - 40%
44 Forward
1 - 82% - 60% - 1:29
2 - 18% - 40% - 0:20
44 Defense
1 - 69% - 60% - 1:15
2 - 31% - 40% - 0:34
Last Minute Offensive - 0:00
Last Minute Defensive - 0:00
Total
Forward - 60:00
Defense - 60:00
|
Play by Play
1st period
0:01 of 1st period - Mikhail Grabovski wins face-off versus Bryan Little in neutral zone.
0:25 of 1st period - Minor Penalty to Ville Leino for Hooking.
0:26 of 1st period - Mikhail Grabovski wins face-off versus Maxim Talbot in Sewer Rats zone.
0:35 of 1st period - Wrist shot by Mikhail Grabovski.
0:35 of 1st period - Goal by Mikhail Grabovski - Inferno : 1 - Sewer Rats : 0.
0:36 of 1st period - Petri Kontiola wins face-off versus Maxim Talbot in neutral zone.
0:36 of 1st period - Jozef Balej is hit by Mark Mancari and loses puck.
0:43 of 1st period - Snap shot by Maxim Talbot.
0:43 of 1st period - Stopped by Josh Harding without a rebound.
0:44 of 1st period - Petri Kontiola wins face-off versus Maxim Talbot in Inferno zone.
0:44 of 1st period - Petri Kontiola is hit by Maxim Talbot.
0:45 of 1st period - Minor Penalty to Kyle Quincey for High sticking.
0:46 of 1st period - Petri Kontiola wins face-off versus Chris Clark in Sewer Rats zone.
2:03 of 1st period - Petri Kontiola is hit by Vojtech Polak and loses puck.
2:42 of 1st period - Chris Clark is hit by Jonathan Ferland and loses puck.
2:45 of 1st period - Penalty to Kyle Quincey is over, Kyle Quincey is back on ice.
4:36 of 1st period - Derek Dorsett is hit by Branko Radivojevic and loses puck.
5:04 of 1st period - Icing by Brendan Smith.
5:05 of 1st period - Brian Boyle wins face-off versus Shawn Matthias in Inferno zone.
5:18 of 1st period - Wrist shot by Vojtech Polak.
5:18 of 1st period - Stopped by Josh Harding with a rebound.
5:49 of 1st period - Off-side.
5:50 of 1st period - Brian Boyle wins face-off versus Maxim Talbot in neutral zone.
5:53 of 1st period - Wrist shot by Jonathan Ferland.
5:53 of 1st period - Stopped by Cédric Desjardins without a rebound.
5:54 of 1st period - Mikhail Grabovski wins face-off versus Bryan Little in Sewer Rats zone.
6:23 of 1st period - Snap shot by Mark Mancari.
6:23 of 1st period - Stopped by Josh Harding without a rebound.
6:24 of 1st period - Maxim Talbot wins face-off versus Brian Boyle in Inferno zone.
6:25 of 1st period - Snap shot by Mark Mancari.
6:25 of 1st period - Shot Blocked by Andrej Sekera.
6:49 of 1st period - Jay Pandolfo is hit by Mike Rathje and loses puck.
7:14 of 1st period - Slapshot by John-Michael Liles.
7:14 of 1st period - Stopped by Josh Harding without a rebound.
7:15 of 1st period - Brian Boyle wins face-off versus Lars Eller in Inferno zone.
7:15 of 1st period - Brian Boyle is hit by Matt Lashoff.
8:08 of 1st period - Wrist shot by Mikhail Grabovski.
8:08 of 1st period - Stopped by Cédric Desjardins with a rebound.
8:14 of 1st period - Snap shot by Vojtech Polak.
8:14 of 1st period - Stopped by Josh Harding with a rebound.
8:24 of 1st period - Snap shot by Vladimir Zharkov.
8:24 of 1st period - Shot Misses the Net.
8:26 of 1st period - Slapshot by Matt Carkner.
8:26 of 1st period - Shot Misses the Net.
8:28 of 1st period - Backhand shot by Matt Carkner.
8:28 of 1st period - Deflect By Vladimir Zharkov.
8:28 of 1st period - Stopped by Cédric Desjardins with a rebound.
8:30 of 1st period - Slapshot by Matt Smaby.
8:30 of 1st period - Shot Misses the Net.
8:52 of 1st period - Snap shot by Bryan Little.
8:52 of 1st period - Shot Misses the Net.
9:14 of 1st period - Snap shot by Karel Rachunek.
9:14 of 1st period - Deflect By Derek Dorsett.
9:14 of 1st period - Shot Misses the Net.
9:14 of 1st period - Puck is out of play.
9:15 of 1st period - Marc-André Cliche wins face-off versus Mikhail Grabovski in Inferno zone.
9:24 of 1st period - Branko Radivojevic is hit by Marc-André Cliche and loses puck.
9:29 of 1st period - Slapshot by Mike Rathje.
9:29 of 1st period - Stopped by Josh Harding without a rebound.
9:30 of 1st period - Bryan Little wins face-off versus Brian Boyle in Inferno zone.
9:35 of 1st period - Slapshot by Ryan Callahan.
9:35 of 1st period - Shot Misses the Net.
10:00 of 1st period - Mark Mancari is hit by Jay Pandolfo and loses puck.
10:28 of 1st period - Wrist shot by Vojtech Polak.
10:28 of 1st period - Stopped by Josh Harding with a rebound.
12:33 of 1st period - Off-side.
12:34 of 1st period - Brian Boyle wins face-off versus Bryan Little in neutral zone.
12:37 of 1st period - Snap shot by Brian Boyle.
12:37 of 1st period - Stopped by Cédric Desjardins with a rebound.
12:39 of 1st period - Wrist shot by Jonathan Ferland.
12:39 of 1st period - Deflect By Brad Marchand.
12:39 of 1st period - Stopped by Cédric Desjardins with a rebound.
12:41 of 1st period - Slapshot by Matt Smaby.
12:41 of 1st period - Shot Blocked by John-Michael Liles.
12:45 of 1st period - Wrist shot by Jonathan Ferland.
12:45 of 1st period - Shot Misses the Net.
12:59 of 1st period - Mikhail Grabovski is hit by Maxim Talbot and loses puck.
14:42 of 1st period - Snap shot by Chris Clark.
14:42 of 1st period - Stopped by Josh Harding without a rebound.
14:43 of 1st period - Mikhail Grabovski wins face-off versus Shawn Matthias in Inferno zone.
14:56 of 1st period - Wrist shot by Jay Pandolfo.
14:56 of 1st period - Stopped by Cédric Desjardins without a rebound.
14:57 of 1st period - Mikhail Grabovski wins face-off versus Bryan Little in Sewer Rats zone.
14:58 of 1st period - Slapshot by Jay Pandolfo.
14:58 of 1st period - Shot Misses the Net.
15:00 of 1st period - Snap shot by Jay Pandolfo.
15:00 of 1st period - Shot Misses the Net.
15:02 of 1st period - Slapshot by Andrej Sekera.
15:02 of 1st period - Shot Blocked by Steven Kampfer.
15:04 of 1st period - Wrist shot by Jay Pandolfo.
15:04 of 1st period - Stopped by Cédric Desjardins without a rebound.
15:05 of 1st period - Mikhail Grabovski wins face-off versus Bryan Little in Sewer Rats zone.
15:06 of 1st period - Snap shot by Branko Radivojevic.
15:06 of 1st period - Shot Hit the Post.
15:08 of 1st period - Wrist shot by Mikhail Grabovski.
15:08 of 1st period - Stopped by Cédric Desjardins with a rebound.
15:10 of 1st period - Slapshot by Andrej Sekera.
15:10 of 1st period - Stopped by Cédric Desjardins without a rebound.
15:11 of 1st period - Branko Radivojevic wins face-off versus Bryan Little in Sewer Rats zone.
15:37 of 1st period - Mike Rathje is hit by Jonathan Ferland and loses puck.
15:53 of 1st period - Minor Penalty to Brad Marchand for High sticking.
15:54 of 1st period - Brian Boyle wins face-off versus Bryan Little in Inferno zone.
15:54 of 1st period - Brian Boyle is hit by Max Pacioretty.
16:22 of 1st period - Wrist shot by Maxim Talbot.
16:22 of 1st period - Shot Misses the Net.
16:24 of 1st period - Snap shot by Ville Leino.
16:24 of 1st period - Stopped by Josh Harding with a rebound.
16:26 of 1st period - Snap shot by Ville Leino.
16:26 of 1st period - Stopped by Josh Harding without a rebound.
16:27 of 1st period - Brian Boyle wins face-off versus Maxim Talbot in Inferno zone.
17:04 of 1st period - Snap shot by Ville Leino.
17:04 of 1st period - Goal by Ville Leino - Inferno : 1 - Sewer Rats : 1.
17:05 of 1st period - Bryan Little wins face-off versus Mikhail Grabovski in neutral zone.
17:34 of 1st period - Jozef Balej is hit by Max Pacioretty and loses puck.
17:39 of 1st period - Wrist shot by Bryan Little.
17:39 of 1st period - Shot Misses the Net.
17:41 of 1st period - Wrist shot by Bryan Little.
17:41 of 1st period - Shot Misses the Net.
17:43 of 1st period - Wrist shot by Matt Lashoff.
17:43 of 1st period - Shot Blocked by Andrej Sekera.
17:47 of 1st period - Slapshot by Ryan Callahan.
17:47 of 1st period - Shot Misses the Net.
17:49 of 1st period - Wrist shot by Matt Lashoff.
17:49 of 1st period - Stopped by Josh Harding with a rebound.
17:51 of 1st period - Wrist shot by Ryan Callahan.
17:51 of 1st period - Goal by Ryan Callahan - Inferno : 1 - Sewer Rats : 2.
17:52 of 1st period - Mikhail Grabovski wins face-off versus Maxim Talbot in neutral zone.
17:56 of 1st period - Minor Penalty to Mikhail Grabovski for Cross-checking.
17:57 of 1st period - Brian Boyle wins face-off versus Bryan Little in Inferno zone.
17:57 of 1st period - Brian Boyle is hit by Max Pacioretty.
18:06 of 1st period - Minor Penalty to Max Pacioretty for Hooking.
18:07 of 1st period - Jonathan Ferland wins face-off versus Maxim Talbot in Sewer Rats zone.
18:10 of 1st period - Slapshot by Jonathan Ferland.
18:10 of 1st period - Shot Misses the Net.
18:12 of 1st period - Snap shot by Matt Smaby.
18:12 of 1st period - Shot Blocked by Maxim Talbot.
18:14 of 1st period - Snap shot by Matt Carkner.
18:14 of 1st period - Shot Blocked by Karel Rachunek.
18:16 of 1st period - Wrist shot by Jonathan Ferland.
18:16 of 1st period - Goal by Jonathan Ferland - Inferno : 2 - Sewer Rats : 2.
18:17 of 1st period - Maxim Talbot wins face-off versus Jonathan Ferland in neutral zone.
18:27 of 1st period - Wrist shot by Jonathan Ferland.
18:27 of 1st period - Stopped by Cédric Desjardins without a rebound.
18:28 of 1st period - Jonathan Ferland wins face-off versus Maxim Talbot in Sewer Rats zone.
18:31 of 1st period - Snap shot by Jonathan Ferland.
18:31 of 1st period - Shot Misses the Net.
18:39 of 1st period - Wrist shot by Maxim Talbot.
18:39 of 1st period - Shot Misses the Net.
18:41 of 1st period - Slapshot by Karel Rachunek.
18:41 of 1st period - Deflect By Maxim Talbot.
18:41 of 1st period - Stopped by Josh Harding with a rebound.
19:56 of 1st period - Penalty to Mikhail Grabovski is over, Mikhail Grabovski is back on ice.
2nd period
0:01 of 2nd period - Maxim Talbot wins face-off versus Mikhail Grabovski in neutral zone.
0:06 of 2nd period - Penalty to Max Pacioretty is over, Max Pacioretty is back on ice.
0:26 of 2nd period - Matt Carkner is hit by Vojtech Polak and loses puck.
1:13 of 2nd period - Matt Lashoff is hit by Jonathan Ferland and loses puck.
2:51 of 2nd period - Minor Penalty to Mark Mancari for Hooking.
2:52 of 2nd period - Niko Dimitrakos wins face-off versus Mikhail Grabovski in Sewer Rats zone.
3:19 of 2nd period - Karel Rachunek is hit by Matt Smaby and loses puck.
4:24 of 2nd period - Slapshot by Jay Pandolfo.
4:24 of 2nd period - Stopped by Cédric Desjardins with a rebound.
4:26 of 2nd period - Slapshot by Andrej Sekera.
4:26 of 2nd period - Stopped by Cédric Desjardins without a rebound.
4:27 of 2nd period - Petri Kontiola wins face-off versus Bryan Little in Sewer Rats zone.
4:51 of 2nd period - Penalty to Mark Mancari is over, Mark Mancari is back on ice.
5:20 of 2nd period - Snap shot by Jay Pandolfo.
5:20 of 2nd period - Stopped by Cédric Desjardins with a rebound.
5:22 of 2nd period - Snap shot by Petri Kontiola.
5:22 of 2nd period - Goal by Petri Kontiola - Inferno : 3 - Sewer Rats : 2.
5:23 of 2nd period - Vladimir Sobotka wins face-off versus Bryan Little in neutral zone.
5:25 of 2nd period - Minor Penalty to Bryan Little for Hooking.
5:26 of 2nd period - Maxim Talbot wins face-off versus Mikhail Grabovski in Sewer Rats zone.
5:32 of 2nd period - Icing by Branko Radivojevic.
5:33 of 2nd period - Mikhail Grabovski wins face-off versus Maxim Talbot in Inferno zone.
5:40 of 2nd period - Slapshot by Branko Radivojevic.
5:40 of 2nd period - Shot Misses the Net.
5:42 of 2nd period - Snap shot by Mikhail Grabovski.
5:42 of 2nd period - Goal by Mikhail Grabovski - Inferno : 4 - Sewer Rats : 2.
5:42 of 2nd period - Jonas Gustavsson enters game.
5:43 of 2nd period - Mikhail Grabovski wins face-off versus Maxim Talbot in neutral zone.
5:54 of 2nd period - Snap shot by Jay Pandolfo.
5:54 of 2nd period - Stopped by Jonas Gustavsson with a rebound.
5:56 of 2nd period - Slapshot by Matt Carkner.
5:56 of 2nd period - Deflect By Branko Radivojevic.
5:56 of 2nd period - Goal by Branko Radivojevic - Inferno : 5 - Sewer Rats : 2.
5:57 of 2nd period - Maxim Talbot wins face-off versus Mikhail Grabovski in neutral zone.
6:23 of 2nd period - Max Pacioretty is hit by Brian Boyle and loses puck.
6:54 of 2nd period - Snap shot by Chris Clark.
6:54 of 2nd period - Stopped by Josh Harding with a rebound.
7:56 of 2nd period - Snap shot by Jonathan Ferland.
7:56 of 2nd period - Shot Misses the Net.
7:58 of 2nd period - Wrist shot by Matt Carkner.
7:58 of 2nd period - Stopped by Jonas Gustavsson with a rebound.
8:00 of 2nd period - Wrist shot by Jonathan Ferland.
8:00 of 2nd period - Shot Misses the Net.
8:27 of 2nd period - Minor Penalty to Brendan Smith for Hooking.
8:28 of 2nd period - Brian Boyle wins face-off versus Bryan Little in Inferno zone.
8:28 of 2nd period - Brian Boyle is hit by Ryan Callahan.
8:39 of 2nd period - Wrist shot by Karel Rachunek.
8:39 of 2nd period - Deflect By Matt Smaby.
8:39 of 2nd period - Stopped by Josh Harding without a rebound.
8:40 of 2nd period - Bryan Little wins face-off versus Brian Boyle in Inferno zone.
8:41 of 2nd period - Slapshot by Ryan Callahan.
8:41 of 2nd period - Stopped by Josh Harding with a rebound.
9:05 of 2nd period - Jay Pandolfo is hit by Maxim Talbot and loses puck.
9:12 of 2nd period - Snap shot by Ville Leino.
9:12 of 2nd period - Shot Misses the Net.
9:16 of 2nd period - Wrist shot by Ville Leino.
9:16 of 2nd period - Shot Misses the Net.
9:18 of 2nd period - Slapshot by Ville Leino.
9:18 of 2nd period - Goal by Ville Leino - Inferno : 5 - Sewer Rats : 3.
9:19 of 2nd period - Petri Kontiola wins face-off versus Maxim Talbot in neutral zone.
9:56 of 2nd period - Matt Lashoff is hit by Mikhail Grabovski and loses puck.
10:12 of 2nd period - Off-side.
10:13 of 2nd period - Maxim Talbot wins face-off versus Vladimir Sobotka in neutral zone.
10:26 of 2nd period - Slapshot by Mike Rathje.
10:26 of 2nd period - Stopped by Josh Harding without a rebound.
10:27 of 2nd period - Shawn Matthias wins face-off versus Mikhail Grabovski in Inferno zone.
10:52 of 2nd period - Max Pacioretty is hit by Matt Smaby and loses puck.
11:15 of 2nd period - Wrist shot by Jozef Balej.
11:15 of 2nd period - Stopped by Jonas Gustavsson without a rebound.
11:16 of 2nd period - Maxim Talbot wins face-off versus Petri Kontiola in Sewer Rats zone.
11:47 of 2nd period - Ryan Callahan is hit by Jay Pandolfo and loses puck.
12:47 of 2nd period - Icing by Karel Rachunek.
12:48 of 2nd period - Petri Kontiola wins face-off versus Ville Leino in Sewer Rats zone.
12:59 of 2nd period - Snap shot by John-Michael Liles.
12:59 of 2nd period - Stopped by Josh Harding with a rebound.
13:59 of 2nd period - Wrist shot by Jonathan Ferland.
13:59 of 2nd period - Shot Misses the Net.
15:34 of 2nd period - Brendan Mikkelson is hit by Derek Dorsett and loses puck.
15:59 of 2nd period - Slapshot by Kyle Quincey.
15:59 of 2nd period - Shot Blocked by Brad Marchand.
16:01 of 2nd period - Wrist shot by Vojtech Polak.
16:01 of 2nd period - Shot Misses the Net.
16:03 of 2nd period - Slapshot by Matt Lashoff.
16:03 of 2nd period - Stopped by Josh Harding without a rebound.
16:04 of 2nd period - Bryan Little wins face-off versus Mikhail Grabovski in Inferno zone.
16:05 of 2nd period - Wrist shot by Ryan Callahan.
16:05 of 2nd period - Stopped by Josh Harding without a rebound.
16:06 of 2nd period - Bryan Little wins face-off versus Mikhail Grabovski in Inferno zone.
16:15 of 2nd period - Bryan Little is hit by Jay Pandolfo and loses puck.
16:34 of 2nd period - Jonathan Ferland is hit by Ville Leino and loses puck.
16:46 of 2nd period - Off-side.
16:47 of 2nd period - Petri Kontiola wins face-off versus Shawn Matthias in neutral zone.
17:14 of 2nd period - Snap shot by Ryan Callahan.
17:14 of 2nd period - Stopped by Josh Harding without a rebound.
17:15 of 2nd period - Bryan Little wins face-off versus Mikhail Grabovski in Inferno zone.
17:31 of 2nd period - Minor Penalty to Max Pacioretty for Hooking.
17:32 of 2nd period - Mikhail Grabovski wins face-off versus Maxim Talbot in Sewer Rats zone.
18:45 of 2nd period - Snap shot by Bryan Little.
18:45 of 2nd period - Shot Misses the Net.
18:47 of 2nd period - Slapshot by Ville Leino.
18:47 of 2nd period - Goal by Ville Leino - Inferno : 5 - Sewer Rats : 4.
18:48 of 2nd period - Maxim Talbot wins face-off versus Mikhail Grabovski in neutral zone.
18:51 of 2nd period - Backhand shot by Mike Rathje.
18:51 of 2nd period - Deflect By Mikhail Grabovski.
18:51 of 2nd period - Stopped by Josh Harding with a rebound.
18:53 of 2nd period - Slapshot by Karel Rachunek.
18:53 of 2nd period - Shot Hit the Post.
18:55 of 2nd period - Snap shot by Niko Dimitrakos.
18:55 of 2nd period - Shot Misses the Net.
18:57 of 2nd period - Snap shot by Niko Dimitrakos.
18:57 of 2nd period - Stopped by Josh Harding without a rebound.
18:58 of 2nd period - Mikhail Grabovski wins face-off versus Maxim Talbot in Inferno zone.
19:03 of 2nd period - Branko Radivojevic is hit by Karel Rachunek and loses puck.
19:26 of 2nd period - Slapshot by Matt Carkner.
19:26 of 2nd period - Shot Blocked by Chris Clark.
19:31 of 2nd period - Penalty to Max Pacioretty is over, Max Pacioretty is back on ice.
19:36 of 2nd period - Slapshot by Matt Carkner.
19:36 of 2nd period - Stopped by Jonas Gustavsson without a rebound.
19:37 of 2nd period - Bryan Little wins face-off versus Petri Kontiola in Sewer Rats zone.
19:47 of 2nd period - John-Michael Liles is hit by Jozef Balej and loses puck.
19:50 of 2nd period - Slapshot by Bryan Little.
19:50 of 2nd period - Deflect By Ryan Callahan.
19:50 of 2nd period - Stopped by Josh Harding with a rebound.
19:52 of 2nd period - Slapshot by Max Pacioretty.
19:52 of 2nd period - Goal by Max Pacioretty - Inferno : 5 - Sewer Rats : 5.
19:53 of 2nd period - Mikhail Grabovski wins face-off versus Max Pacioretty in neutral zone.
3rd period
0:01 of 3rd period - Bryan Little wins face-off versus Mikhail Grabovski in neutral zone.
0:14 of 3rd period - Minor Penalty to Bryan Little for Goalie Interference.
0:15 of 3rd period - Mikhail Grabovski wins face-off versus Maxim Talbot in Sewer Rats zone.
0:16 of 3rd period - Snap shot by Branko Radivojevic.
0:16 of 3rd period - Shot Blocked by Karel Rachunek.
0:46 of 3rd period - Wrist shot by Matt Smaby.
0:46 of 3rd period - Stopped by Jonas Gustavsson with a rebound.
0:48 of 3rd period - Backhand shot by Andrej Sekera.
0:48 of 3rd period - Goal by Andrej Sekera - Inferno : 6 - Sewer Rats : 5.
0:49 of 3rd period - Maxim Talbot wins face-off versus Mikhail Grabovski in neutral zone.
1:14 of 3rd period - Matt Smaby is hit by Max Pacioretty and loses puck.
1:59 of 3rd period - Wrist shot by Mikhail Grabovski.
1:59 of 3rd period - Shot Blocked by Chris Clark.
2:01 of 3rd period - Wrist shot by Mikhail Grabovski.
2:01 of 3rd period - Stopped by Jonas Gustavsson without a rebound.
2:02 of 3rd period - Maxim Talbot wins face-off versus Mikhail Grabovski in Sewer Rats zone.
2:09 of 3rd period - Slapshot by Mike Rathje.
2:09 of 3rd period - Stopped by Josh Harding without a rebound.
2:10 of 3rd period - Mikhail Grabovski wins face-off versus Ville Leino in Inferno zone.
2:17 of 3rd period - Snap shot by Mikhail Grabovski.
2:17 of 3rd period - Shot Misses the Net.
2:19 of 3rd period - Slapshot by Brendan Smith.
2:19 of 3rd period - Shot Blocked by Ville Leino.
2:21 of 3rd period - Snap shot by Branko Radivojevic.
2:21 of 3rd period - Stopped by Jonas Gustavsson without a rebound.
2:22 of 3rd period - Bryan Little wins face-off versus Mikhail Grabovski in Sewer Rats zone.
2:22 of 3rd period - Bryan Little is hit by Matt Smaby.
2:29 of 3rd period - Matt Lashoff is hit by Matt Carkner and loses puck.
2:56 of 3rd period - Icing by Matt Lashoff.
2:57 of 3rd period - Brian Boyle wins face-off versus Bryan Little in Sewer Rats zone.
3:00 of 3rd period - Wrist shot by Brad Marchand.
3:00 of 3rd period - Stopped by Jonas Gustavsson with a rebound.
3:02 of 3rd period - Snap shot by Brad Marchand.
3:02 of 3rd period - Stopped by Jonas Gustavsson with a rebound.
3:04 of 3rd period - Wrist shot by Brad Marchand.
3:04 of 3rd period - Goal by Brad Marchand - Inferno : 7 - Sewer Rats : 5.
3:05 of 3rd period - Mikhail Grabovski wins face-off versus Maxim Talbot in neutral zone.
3:10 of 3rd period - Wrist shot by Branko Radivojevic.
3:10 of 3rd period - Stopped by Jonas Gustavsson without a rebound.
3:11 of 3rd period - Maxim Talbot wins face-off versus Mikhail Grabovski in Sewer Rats zone.
3:16 of 3rd period - Jay Pandolfo is hit by Mike Rathje and loses puck.
4:54 of 3rd period - Snap shot by Bryan Little.
4:54 of 3rd period - Stopped by Josh Harding with a rebound.
4:56 of 3rd period - Slapshot by Karel Rachunek.
4:56 of 3rd period - Stopped by Josh Harding with a rebound.
4:58 of 3rd period - Wrist shot by Ryan Callahan.
4:58 of 3rd period - Stopped by Josh Harding without a rebound.
4:59 of 3rd period - Bryan Little wins face-off versus Mikhail Grabovski in Inferno zone.
5:36 of 3rd period - Wrist shot by Mark Mancari.
5:36 of 3rd period - Stopped by Josh Harding with a rebound.
5:47 of 3rd period - Icing by Maxim Talbot.
5:48 of 3rd period - Shawn Matthias wins face-off versus Stephane Veilleux in Sewer Rats zone.
6:02 of 3rd period - Wrist shot by Jozef Balej.
6:02 of 3rd period - Deflect By Stephane Veilleux.
6:02 of 3rd period - Shot Misses the Net.
6:02 of 3rd period - Puck is out of play.
6:03 of 3rd period - Bryan Little wins face-off versus Mikhail Grabovski in Sewer Rats zone.
6:10 of 3rd period - Ryan Callahan is hit by Andrej Sekera and loses puck.
7:17 of 3rd period - Matt Carkner is hit by Chris Clark and loses puck.
7:42 of 3rd period - Snap shot by Jozef Balej.
7:42 of 3rd period - Shot Blocked by Mike Rathje.
7:52 of 3rd period - Ville Leino is hit by Mikhail Grabovski.
8:10 of 3rd period - Shawn Matthias is hit by Brad Marchand and loses puck.
8:27 of 3rd period - Slapshot by Andrej Sekera.
8:27 of 3rd period - Stopped by Jonas Gustavsson with a rebound.
8:29 of 3rd period - Snap shot by Vladimir Sobotka.
8:29 of 3rd period - Shot Misses the Net.
8:31 of 3rd period - Snap shot by Vladimir Sobotka.
8:31 of 3rd period - Shot Misses the Net.
8:33 of 3rd period - Slapshot by Andrej Sekera.
8:33 of 3rd period - Stopped by Jonas Gustavsson with a rebound.
8:35 of 3rd period - Wrist shot by Vladimir Zharkov.
8:35 of 3rd period - Shot Misses the Net.
8:37 of 3rd period - Snap shot by Pierre-Luc Létourneau.
8:37 of 3rd period - Shot Blocked by John-Michael Liles.
8:51 of 3rd period - Wrist shot by Bryan Little.
8:51 of 3rd period - Shot Blocked by Brendan Smith.
8:57 of 3rd period - Max Pacioretty is hit by Stephane Veilleux and loses puck.
9:08 of 3rd period - Wrist shot by Maxim Talbot.
9:08 of 3rd period - Stopped by Josh Harding without a rebound.
9:09 of 3rd period - Mikhail Grabovski wins face-off versus Maxim Talbot in Inferno zone.
9:41 of 3rd period - Snap shot by Ryan Callahan.
9:41 of 3rd period - Stopped by Josh Harding with a rebound.
9:43 of 3rd period - Slapshot by Kyle Quincey.
9:43 of 3rd period - Shot Misses the Net.
9:45 of 3rd period - Wrist shot by Kyle Quincey.
9:45 of 3rd period - Shot Blocked by Brad Marchand.
9:47 of 3rd period - Wrist shot by Ryan Callahan.
9:47 of 3rd period - Stopped by Josh Harding with a rebound.
9:57 of 3rd period - Brad Marchand is hit by Raphael Diaz.
10:25 of 3rd period - Minor Penalty to Derek Dorsett for Cross-checking.
10:26 of 3rd period - Mikhail Grabovski wins face-off versus Maxim Talbot in Sewer Rats zone.
11:58 of 3rd period - Snap shot by Chris Clark.
11:58 of 3rd period - Stopped by Josh Harding with a rebound.
12:25 of 3rd period - Penalty to Derek Dorsett is over, Derek Dorsett is back on ice.
13:02 of 3rd period - Wrist shot by Chris Clark.
13:02 of 3rd period - Shot Misses the Net.
13:16 of 3rd period - Minor Penalty to Bryan Little for Interference.
13:17 of 3rd period - Niko Dimitrakos wins face-off versus Mikhail Grabovski in Sewer Rats zone.
13:30 of 3rd period - Snap shot by Branko Radivojevic.
13:30 of 3rd period - Stopped by Jonas Gustavsson with a rebound.
13:32 of 3rd period - Snap shot by Mikhail Grabovski.
13:32 of 3rd period - Stopped by Jonas Gustavsson without a rebound.
13:33 of 3rd period - Maxim Talbot wins face-off versus Petri Kontiola in Sewer Rats zone.
13:42 of 3rd period - Matt Smaby is hit by Niko Dimitrakos and loses puck.
13:59 of 3rd period - Maxim Talbot is hit by Matt Carkner and loses puck.
15:16 of 3rd period - Penalty to Bryan Little is over, Bryan Little is back on ice.
16:36 of 3rd period - Wrist shot by Vojtech Polak.
16:36 of 3rd period - Shot Blocked by Branko Radivojevic.
17:13 of 3rd period - Petri Kontiola is hit by Ville Leino and loses puck.
17:32 of 3rd period - Jonathan Ferland is hit by Bryan Little and loses puck.
17:34 of 3rd period - Minor Penalty to Matt Carkner for Hooking.
17:35 of 3rd period - Brian Boyle wins face-off versus Ryan Callahan in Inferno zone.
18:02 of 3rd period - Jay Pandolfo is hit by Maxim Talbot and loses puck.
18:40 of 3rd period - Icing by Ryan Callahan.
18:41 of 3rd period - Bryan Little wins face-off versus Brian Boyle in Sewer Rats zone.
18:52 of 3rd period - Mark Mancari is hit by Brett Carson and loses puck.
19:34 of 3rd period - Penalty to Matt Carkner is over, Matt Carkner is back on ice.
Output by the SimonT Hockey Simulator (STHS) for François Prévost -- Original Page W3C XHTML 1.0 Valid